 Dungeon Crawl Stone Soup version 0.31.0-32-g396128a36d (webtiles) character file.

Game seed: 15218395289457862856

596 theswoord the Twirler (level 7, 0/50 HPs)
             Began as a Demonspawn Gladiator on Apr 25, 2024.
             Was a Priest of Makhleb.
             Killed from afar by Dowan (10 damage)
             ... with a shard of ice
             ... on level 4 of the Dungeon.
             The game lasted 00:04:38 (2604 turns).

theswoord the Twirler (Demonspawn Gladiator)        Turns: 2604, Time: 00:04:39

Health: 0/50       AC: 15    Str: 23    XL:     7   Next: 17%
Magic:  7/7        EV: 11    Int:  8    God:    Makhleb [***...]
Gold:   135        SH:  0    Dex: 14    Spells: 6/6 levels left

rFire   . . .        a - +0 quarterstaff (protect)
rCold   + . .        (shield currently unavailable)
rNeg    . . .        w - +0 chain mail
rPois   .            (helmet restricted)
rElec   .            (no cloak)
rCorr   .            (no gloves)
SInv    .            (no boots)
Will    .....        m - amulet of faith Stlth
                     f - +6 ring of strength
HPRegen 0.28/turn    v - ring of protection from cold
MPRegen 0.10/turn

%: faith
@: under a protective aura
A: antennae 1, repulsion field 1, ignite blood 1, powered by death 1
a: Renounce Religion, Minor Destruction, Lesser Servant of Makhleb


You were on level 4 of the Dungeon.
You worshipped Makhleb.
Makhleb was most pleased with you.
You visited 1 branch of the dungeon, and saw 4 of its levels.

You collected 135 gold pieces.

Inventory:

Hand Weapons
 a - a +0 quarterstaff of protection (weapon)
Missiles
 d - a throwing net (quivered)
 e - a javelin
Armour
 b - a +0 leather armour
 c - a +0 helmet
 w - a +0 chain mail (worn)
Jewellery
 f - a +6 ring of strength (left hand)
 i - a ring of flight
 m - an amulet of faith (around neck)
 t - a ring of wizardry
 v - a ring of protection from cold (right hand)
Wands
 r - a wand of light (13)
 u - a wand of iceblast (5)
Scrolls
 g - 3 scrolls of teleportation
 j - a scroll of silence {unknown}
Potions
 h - a potion of degeneration
 k - 2 potions of ambrosia
 n - a potion of heal wounds
 s - 2 potions of cancellation


   Skills:
 - Level 2.0 Fighting
 + Level 7.6 Staves
 - Level 1.7 Throwing
 - Level 2.6 Dodging


You had 6 spell levels left.
You didn't know any spells.
Your spell library was empty.

Dungeon Overview and Level Annotations

Branches:
Dungeon (4/15)
 Temple: D:4-7

Altars:
Ashenzari
Makhleb

Shops:
D:4 *

Annotations:
D:4 Dowan


Innate Abilities, Weirdness & Mutations

You have a pair of small antennae on your head.
You are surrounded by a mild repulsion field. (EV +2)
Your demonic aura sometimes causes spilled blood to erupt in flames.
You regenerate a little health from kills.


Message History

You hit Dowan.
Dowan is lightly wounded.
Dowan hits you but does no damage. The gnoll barely misses you.
The giant cockroach bites you but does no damage.
The kobold throws a stone.
The stone barely misses you.
The stone misses Dowan.
The orc hits you but does no damage.
Unknown command.
You miss Dowan.
Dowan is lightly wounded.
Dowan gestures wildly while chanting.
Dowan blinks!
The giant cockroach closely misses you. The gnoll closely misses you.
The kobold throws a stone.
The stone hits you but does no damage. The orc hits you but does no damage.
You hit the orc but do no damage. The giant cockroach closely misses you.
Dowan gestures at you while chanting. The stone arrow hits you!
* * * LOW HITPOINT WARNING * * *
The orc hits you but does no damage. The gnoll closely misses you.
Unknown command.
You thump the iguana!
The iguana is severely wounded.
The giant cockroach barely misses you.
A gnoll sergeant comes into view.
It is wielding a +2 trident of protection.
The iguana is engulfed in blazing flames.
You kill the iguana!
Makhleb accepts your kill. The orc barely misses you.
The gnoll hits you but does no damage.
The gnoll sergeant shouts!
You sock the orc!
You kill the orc!
Makhleb accepts your kill.
You feel better.
You hear a shout! x2
The giant cockroach bites you but does no damage.
The gnoll hits you from afar with a +0 spear.
* * * LOW HITPOINT WARNING * * *
Dowan shakes with grief.
Dowan points at you and mumbles some strange words.
The shard of ice hits you! You partially resist.
You die...

...####... ... #. ...
###††. .. # .#(.? #..... ..
.#...#( ........ .. #
.#..#.......#.....
...##...#..#.##....#....
....#......#..######.# #.
#K○)Be......# ##... #..
#@.....##.####....
..##.###..##.###..#......
#.......g...####......... r
#..##.......##...#...... ..
#...g...................
...#.......................
.......................##..
##..........(.....###..###.
.............##..####.###..


You could see a gnoll sergeant, Dowan (fast), a gnoll, a giant cockroach and a
kobold.

Vanquished Creatures
  Sigmund (D:4)
  Duvessa (D:4)
  A centaur (D:3)
  An ogre (D:3)
  A phantom (D:4)
  An iguana (D:4)
  An adder (D:2)
  4 dart slugs
  2 orcs
  7 bats
  3 endoplasms
  5 giant cockroaches
  6 goblins
  5 hobgoblins
  3 jackals (D:1)
  4 quokkas
  4 ball pythons
  3 frilled lizards (D:1)
  3 kobolds
  8 rats
64 creatures vanquished.

Notes
Turn   | Place    | Note
-------+----------+-------------------------------------------
     0 | D:1      | theswoord the Demonspawn Gladiator began the quest for the
                  | Orb.
     0 | D:1      | Reached XP level 1. HP: 16/16 MP: 1/1
    26 | D:1      | Found a faded altar of an unknown god.
   107 | D:1      | Prayed at the altar of an unknown god.
   107 | D:1      | Became a worshipper of Makhleb the Destroyer
   107 | D:1      | Reached * piety under Makhleb
   140 | D:1      | Reached skill level 3 in Staves
   316 | D:1      | Gained mutation: Your demonic aura sometimes causes spilled
                  | blood to erupt in flames. [demonic ancestry]
   316 | D:1      | Reached XP level 2. HP: 21/22 MP: 2/2
   642 | D:1      | Gained mutation: You are surrounded by a mild repulsion
                  | field. (EV +2) [demonic ancestry]
   642 | D:1      | Reached XP level 3. HP: 27/27 MP: 3/3
   643 | D:1      | Reached ** piety under Makhleb
  1245 | D:2      | Found a broken altar of Ashenzari.
  1419 | D:2      | Reached skill level 4 in Staves
  2244 | D:3      | Noticed a centaur
  2254 | D:3      | HP: 1/27 [centaur (5)]
  2255 | D:3      | Killed a centaur
  2256 | D:3      | Reached skill level 5 in Staves
  2256 | D:3      | Gained mutation: You have a pair of small antennae on your
                  | head. [demonic ancestry]
  2256 | D:3      | Reached XP level 4. HP: 4/33 MP: 4/4
  2256 | D:3      | Reached XP level 5. HP: 5/38 MP: 5/5
  2442 | D:4      | Noticed Sigmund
  2448 | D:4      | Killed Sigmund
  2449 | D:4      | Reached skill level 6 in Staves
  2449 | D:4      | Gained mutation: You regenerate a little health from kills.
                  | [demonic ancestry]
  2449 | D:4      | Reached XP level 6. HP: 44/44 MP: 6/6
  2505 | D:4      | Found Laddobit's Mass Market.
  2546 | D:4      | Noticed Duvessa
  2546 | D:4      | Noticed Dowan
  2587 | D:4      | Killed Duvessa
  2587 | D:4      | Reached *** piety under Makhleb
  2588 | D:4      | Reached skill level 7 in Staves
  2597 | D:4      | Reached XP level 7. HP: 22/50 MP: 7/7
  2604 | D:4      | Killed from afar by Dowan

Skill      XL: |  1  2  3  4  5  6 |
---------------+-------------------+-----
Staves         | 3 5 6 7 |  7.6
Fighting       | |  2.0
Throwing       | |  1.7
Dodging        | |  2.6

Action                     |  1- 3 |  4- 6 |  7- 9 || total
---------------------------+-------+-------+-------++-------
  Melee: Quarterstaff      |   126 |    34 |     8 ||   168
  Throw: Throwing net      |     2 |     2 |       ||     4
    Use: Scroll            |     8 |     1 |       ||     9
         Potion            |       |     1 |       ||     1
 Armour: Leather armour    |    49 |       |       ||    49
         Chain mail        |    26 |    33 |    16 ||    75
         Skin              |       |     1 |       ||     1
  Dodge: Dodged            |    94 |    30 |    13 ||   137

Levels and vault maps discovered:
D:1:      minmay_arrival_wavy_path, layout_loops_corners,
          chequers_ecumenical_altar_simple
D:2:      layout_loops_corners, basic_altar
D:3:      layout_rooms, amcnicky_mini_corridor_feature,
          minmay_misc_feat_secret_circle
D:4:      layout_cave_pools, minmay_shop_mass, minmay_misc_feat_diagonals,
          minmay_bent, uniq_duvessa, uniq_grinder, uniq_sigmund,
          uniq_crazy_yiuf_cottage
